 Dungeon Crawl Stone Soup version 0.21.1-1-g345015f (webtiles) character file.

23507 tkdonut the Fighter (level 13, -1/118 HPs)
             Began as a Hill Orc Berserker on July 8, 2018.
             Was a High Priest of Trog.
             Killed from afar by an ice dragon (12 damage)
             ... with a blast of cold
             ... in an ice cave.
             The game lasted 00:41:01 (16800 turns).

tkdonut the Fighter (Hill Orc Berserker)           Turns: 16800, Time: 00:41:02

Health: -1/118     AC: 23    Str: 27    XL:     13   Next: 7%
Magic:  0/13       EV: 11    Int: 13    God:    Trog [*****.]
Gold:   258        SH:  0    Dex: 11    Spells: 12/12 levels left

rFire    . . .     SeeInvis .   Q - +11 quarterstaff "Ficvyepa" {crush, rN+ MR+ Int+5}
rCold    + . .     Gourm    .   (shield currently unavailable)
rNeg     + . .     Faith    .   S - +4 plate armour {rC+}
rPois    .         Spirit   +   x - +0 helmet
rElec    .         Reflect  .   (no cloak)
rCorr    .         Harm     .   T - +0 pair of gloves
MR       ++...                  t - +0 pair of boots
Stlth    ..........             A - amulet of guardian spirit
HPRegen  0.29/turn              z - +4 ring of strength
MPRegen  0.13/turn              Y - ring of protection from magic

@: berserk cooldown, starving, slowed, very slow
A: no striking features
a: Berserk, Trog's Hand, Brothers in Arms, Burn Spellbooks, Renounce Religion


You were in an ice cave.
You worshipped Trog.
Trog was extremely pleased with you.
You were starving.

You visited 2 branches of the dungeon, and saw 15 of its levels.
You also visited: Labyrinth, Ossuary and Ice Cave.

You collected 1002 gold pieces.
You spent 744 gold pieces at shops.

Inventory:

Hand Weapons
 E - the +10 spear "Enizuyngu" {venom, rPois rN+ Int-4}
   (You found it on level 5 of the Dungeon)

   It poisons the flesh of those it strikes.
   It affects your intelligence (-4).
   It protects you from poison.
   It protects you from negative energy.
 Q - the +11 quarterstaff "Ficvyepa" (weapon) {crush, rN+ MR+ Int+5}
   (You found it on level 9 of the Dungeon)

   It inflicts extra damage upon your enemies.
   It affects your intelligence (+5).
   It protects you from negative energy.
   It affects your resistance to hostile enchantments.
 V - a +0 arbalest of freezing
Armour
 t - a +0 pair of boots (worn)
 x - a +0 helmet (worn)
 S - a +4 plate armour of cold resistance (worn)
 T - a +0 pair of gloves (worn)
Jewellery
 z - a +4 ring of strength (left hand)
 A - an amulet of guardian spirit (around neck)
 N - an uncursed ring of magical power
 Y - a ring of protection from magic (right hand)
Wands
 a - a wand of flame (23)
 l - a wand of digging (24)
 y - a wand of enslavement (10)
 B - a wand of random effects (50)
 H - a wand of disintegration (25)
 P - a wand of polymorph (24)
 W - a wand of acid (26)
 Z - a wand of iceblast (11)
Scrolls
 b - 3 scrolls of identify
 d - 6 scrolls of remove curse
 f - 3 scrolls of amnesia {unknown}
 h - 4 scrolls of enchant armour {unknown}
 i - 6 scrolls of immolation {unknown}
 k - 7 scrolls of teleportation {unknown}
 o - 3 scrolls of noise {unknown}
 p - 3 scrolls of random uselessness {unknown}
 q - a scroll of silence {unknown}
 v - 3 scrolls of fog {unknown}
 w - a scroll of magic mapping {unknown}
 D - a scroll of blinking {unknown}
 F - 2 scrolls of fear {unknown}
 G - 3 scrolls of enchant weapon {unknown}
 J - a scroll of brand weapon {unknown}
 K - a scroll of vulnerability {unknown}
Potions
 e - 3 potions of resistance
 g - a potion of agility {unknown}
 j - 4 potions of cancellation
 m - 4 potions of lignification
 n - 3 potions of flight
 r - 3 potions of might
 s - 5 potions of brilliance
 u - 5 potions of curing
 C - 2 potions of magic
 I - 2 potions of degeneration {unknown}
 L - 3 potions of invisibility {unknown}
 M - 2 potions of haste {unknown}
 O - a potion of ambrosia {unknown}
Miscellaneous
 R - a sack of spiders
Comestibles
 c - 23 rations


   Skills:
 + Level 12.1 Fighting
   Level 8.7(10.3) Axes
 - Level 7.3(10.9) Polearms
 * Level 9.0(9.8) Staves
 + Level 11.2 Armour
 + Level 8.4 Dodging
 - Level 0.1 Stealth


You had 12 spell levels left.
You didn't know any spells.

Dungeon Overview and Level Annotations

Branches:
Dungeon (13/15)            Temple (0/1) D:7            Lair (2/6) D:8
    Orc (0/2) D:10
  Swamp: Lair:2-4    Shoals: Lair:2-4     Snake: Lair:2-4    Spider: Lair:2-4
 Vaults: D:13-14

Altars:
Gozag
Hepliaklqana
Kikubaaqudgha
Nemelex Xobeh
Qazlal
Ru
Uskayaw
Xom
Yredelemnul
The Shining One

Shops:
D:4 [   D:6 (   D:8 (   D:10 ![   D:11 [%[

Portals:
Trove: D:10 (give 9 potions of agility)

Annotations:
D:12 Rupert; nicolaieve's ghost, journeyman MiBe IceCv exclusion: 2 ice statues


Message History

The ice dragon bites you but does no damage.
The ice dragon claws you but does no damage.
The ice dragon tramples you.
* * * LOW HITPOINT WARNING * * *
You hold your ground!
You feel better. The ice dragon breathes frost at you.
The blast of cold hits you! You resist.
* * * LOW HITPOINT WARNING * * *
The ice dragon barely misses you. x2
The ice dragon tramples you but does no damage.
Your deep troll goes berserk!
You are starving!
The ice dragon bites you but does no damage.
The ice dragon claws you but does no damage.
The ice dragon tramples you but does no damage.
You feel better. The ice dragon breathes frost at you.
The blast of cold hits you! You resist.
You die...

########
#...T..####
#...D.#D.....##
#......###@##...#
$......
###..#####
=.....$ #.##...#
"=$..$$ #....#.##
##$$$$$
##.###..## ######
### ##..####
##....####
##......#
######..


You could see an ice dragon and a friendly deep troll (berserk).

Vanquished Creatures
  Josephine (D:12)
  An ice dragon (IceCv)
  2 two-headed ogres (D:11)
  3 skeletal warriors (D:11)
  An unseen horror (D:11)
  A manticore (D:11)
  An ugly thing (D:12)
  A black mamba (Lair:2)
  A rime drake (IceCv)
  2 spiny frogs (Lair:1)
  2 ice devils (Lair:2)
  A komodo dragon (Lair:1)
  2 minotaur zombies (Lab)
  The ghost of sipior the Caller, a novice DESu (D:5)
  A troll (D:12)
  2 blink frogs (Lair:1)
  Prince Ribbit (Lair:1)
  3 hippogriffs
  5 wraiths
  A wyvern (D:10)
  Sigmund (D:3)
  2 redbacks (Lab)
  Eustachio (D:4)
  A basilisk (Lab)
  9 yaks
  4 hungry ghosts (Lab)
  2 chaos spawn (D:8)
  3 water moccasins
  17 ice beasts
  Purgy (D:3)
  3 porcupines (Lair:1)
  2 black bears
  2 phantoms
  A necrophage (D:12)
  2 sky beasts
  6 orc warriors
  8 ogres
  7 centaurs
  A big kobold (D:11)
  2 crocodiles (Lair:1)
  14 bullfrogs
  An earth elemental (Lab)
  6 scorpions
  A water moccasin skeleton (D:4)
  11 killer bees
  20 wights
  4 howler monkeys
  An electric eel (Lair:1)
  A bullfrog zombie (D:9)
  4 crimson imps
  4 lava snakes (Lab)
  2 quasits (D:11)
  6 hounds
  3 jellies
  7 orc priests
  3 centaur skeletons
  A gnoll shaman (D:3)
  2 bullfrog skeletons
  Jessica (D:3)
  3 iguanas
  Natasha (thrice) (D:2)
  8 orc wizards
  4 worker ants
  Ijyb (D:4)
  A big kobold zombie (Ossuary)
  3 hound zombies
  2 hound skeletons
  9 mummies
  17 gnolls
  A howler monkey skeleton (D:4)
  3 adders
  2 shadow imps
  An adder zombie (D:5)
  2 oozes (D:4)
  An adder skeleton (D:5)
  A worm (D:2)
  2 dart slugs
  6 leopard geckos
  39 orcs
  7 giant cockroaches
  5 goblins
  4 hobgoblins
  12 jackals
  6 quokkas
  2 ball pythons
  3 bats
  4 frilled lizards
  A giant cockroach zombie (D:5)
  6 gnoll zombies
  3 hobgoblin zombies
  10 kobolds
  A kobold zombie (D:8)
  A leopard gecko skeleton (D:5)
  An orc zombie (Ossuary)
  7 rats
  A fungus (D:8)
383 creatures vanquished.

Vanquished Creatures (collateral kills)
  A minotaur (Lab)
1 creature vanquished.

Grand Total: 384 creatures vanquished

Notes
Turn   | Place    | Note
-------+----------+-------------------------------------------
     0 | D:1      | tkdonut the Hill Orc Berserker began the quest for the Orb.
     0 | D:1      | Reached XP level 1. HP: 19/19 MP: 1/1
   163 | D:1      | Reached XP level 2. HP: 27/27 MP: 2/2
   271 | D:1      | Reached skill level 4 in Fighting
   720 | D:2      | Found a sacrificial altar of Ru.
   804 | D:2      | Reached XP level 3. HP: 33/33 MP: 3/3
   845 | D:2      | Reached ** piety under Trog
  1297 | D:2      | Reached skill level 5 in Axes
  1307 | D:2      | Noticed Natasha
  1313 | D:2      | Killed Natasha
  1313 | D:2      | Reached XP level 4. HP: 28/40 MP: 4/4
  1579 | D:2      | Noticed Natasha
  1588 | D:2      | Killed Natasha
  1733 | D:2      | Noticed Natasha
  1742 | D:2      | Killed Natasha
  1742 | D:2      | Reached XP level 5. HP: 26/46 MP: 5/5
  2648 | D:3      | Noticed Purgy
  2655 | D:3      | Killed Purgy
  2655 | D:3      | Reached XP level 6. HP: 53/53 MP: 6/6
  2824 | D:3      | Noticed Sigmund
  2835 | D:3      | Killed Sigmund
  2835 | D:3      | Reached XP level 7. HP: 60/60 MP: 7/7
  3068 | D:3      | Found an opulent altar of Gozag.
  3113 | D:3      | Noticed Jessica
  3118 | D:3      | Killed Jessica
  3180 | D:4      | Noticed Eustachio
  3425 | D:4      | Reached *** piety under Trog
  3522 | D:4      | Killed Eustachio
  3522 | D:4      | Reached skill level 5 in Fighting
  3609 | D:4      | Noticed Ijyb
  3636 | D:4      | Killed Ijyb
  3636 | D:4      | Reached skill level 5 in Armour
  3780 | D:4      | Found Keonum's Antique Armour Emporium.
  3828 | D:4      | Found a basalt altar of Yredelemnul.
  4019 | D:4      | Found a stormy altar of Qazlal.
  4332 | D:4      | Reached XP level 8. HP: 69/69 MP: 8/8
  4580 | D:4      | Found a sparkling altar of Nemelex Xobeh.
  4607 | D:4      | Found a hide-covered altar of Uskayaw.
  4613 | D:4      | Found a hazy altar of Hepliaklqana.
  4696 | D:5      | Entered Level 5 of the Dungeon
  4703 | D:5      | Reached skill level 6 in Fighting
  4771 | D:5      | Got a dazzling spear
  4772 | D:5      | Identified the +10 spear "Enizuyngu" {venom, rPois rN+ Int-4} (You found it on level 5 of the Dungeon)
  4817 | D:5      | Noticed sipior's ghost (novice DESu)
  4847 | D:5      | Killed sipior's ghost
  4996 | D:5      | Reached **** piety under Trog
  5487 | D:6      | Reached XP level 9. HP: 78/78 MP: 9/9
  5494 | D:6      | Found a glowing golden altar of the Shining One.
  5510 | D:6      | Found an ancient bone altar of Kikubaaqudgha.
  6203 | D:6      | Reached skill level 7 in Fighting
  6246 | D:6      | Found Derik's Antique Weapon Boutique.
  6358 | D:6      | Reached skill level 5 in Polearms
  7130 | D:7      | Found a staircase to the Ecumenical Temple.
  7254 | D:7      | Reached skill level 5 in Dodging
  7413 | D:7      | Found a sparkling altar of Nemelex Xobeh.
  7528 | D:8      | Reached skill level 8 in Fighting
  7545 | D:8      | Found a sand-covered staircase.
  7566 | Ossuary  | Entered an ossuary
  7913 | D:8      | Reached XP level 10. HP: 67/88 MP: 7/10
  8002 | D:8      | Found the -4 mace of Variability {chaos}
  8002 | D:8      | Found a shimmering altar of Xom.
  8127 | D:8      | Reached ***** piety under Trog
  8435 | D:8      | Found a staircase to the Lair.
  8439 | D:8      | Reached skill level 9 in Fighting
  8536 | D:8      | You fall through a shaft!
  8823 | D:8      | Found Nigurchot's Antique Weapon Boutique.
  9382 | D:9      | Got a steaming quarterstaff
  9383 | D:9      | Identified the +11 quarterstaff "Ficvyepa" {crush, rN+ MR+ Int+5} (You found it on level 9 of the Dungeon)
  9657 | D:10     | Entered Level 10 of the Dungeon
  9675 | D:10     | Found Ukloibus's Antique Armour Shop.
  9687 | D:10     | Reached skill level 1 in Staves
  9690 | D:10     | Bought a glowing plate armour for 624 gold pieces
  9707 | D:10     | Found a portal to a secret trove of treasure.
 10026 | D:10     | Found a staircase to the Orcish Mines.
 10080 | D:10     | Found Izearamp's Distillery.
 10310 | D:11     | Found a labyrinth entrance.
 10315 | D:11     | Received a gift from Trog
 10315 | D:11     | Reached XP level 11. HP: 92/99 MP: 11/11
 10319 | D:11     | Got a faintly glowing battleaxe {god gift}
 10320 | D:11     | Identified the +3 battleaxe of Fixation {antimagic, rElec MR+} (Trog gifted it to you on level 11 of the Dungeon)
 10327 | Lab      | Entered a labyrinth
 11365 | Lab      | Reached skill level 10 in Fighting
 11370 | Lab      | Paralysed by fainting for 6 turns
 11735 | Lab      | Noticed a minotaur
 11740 | Lab      | Killed a minotaur
 12058 | Lab      | Found the +3 pair of gauntlets of War {Slay+5}
 12084 | D:11     | Noticed a two-headed ogre
 12099 | D:11     | Killed a two-headed ogre
 12194 | D:11     | Noticed a two-headed ogre
 12204 | D:11     | Killed an unseen horror
 12204 | D:11     | Reached skill level 5 in Staves
 12206 | D:11     | Killed a two-headed ogre
 12270 | D:11     | Noticed a skeletal warrior
 12272 | D:11     | Noticed a skeletal warrior
 12272 | D:11     | Noticed a skeletal warrior
 12284 | D:11     | Killed a skeletal warrior
 12297 | D:11     | Killed a skeletal warrior
 12297 | D:11     | Reached skill level 10 in Armour
 12302 | D:11     | Killed a skeletal warrior
 12351 | D:11     | Found Teivef's Food Emporium.
 12354 | D:11     | Bought a ration for 60 gold pieces
 12354 | D:11     | Bought a ration for 60 gold pieces
 12591 | D:11     | Found Tuoshro's Armour Boutique.
 12610 | D:11     | Noticed a manticore
 12618 | D:11     | Killed a manticore
 12618 | D:11     | Reached XP level 12. HP: 68/108 MP: 8/12
 12933 | D:11     | Reached skill level 11 in Fighting
 12935 | D:11     | Found Vesawun's Antique Armour Shoppe.
 13450 | D:12     | Noticed nicolaieve's ghost (journeyman MiBe)
 13911 | D:12     | Noticed Josephine
 13920 | D:12     | Killed Josephine
 14622 | D:13     | Noticed Rupert
 15111 | Lair:1   | Entered Level 1 of the Lair of Beasts
 15246 | Lair:1   | Noticed Prince Ribbit
 15264 | Lair:1   | Killed Prince Ribbit
 15469 | Lair:1   | Received a gift from Trog
 16469 | Lair:2   | Found a frozen archway.
 16502 | IceCv    | Entered an ice cave
 16540 | IceCv    | Reached skill level 12 in Fighting
 16546 | IceCv    | Reached XP level 13. HP: 78/118 MP: 9/13
 16773 | IceCv    | Noticed an ice dragon
 16774 | IceCv    | Noticed an ice dragon
 16789 | IceCv    | Killed an ice dragon
 16798 | IceCv    | HP: 5/118 [ice dragon/blast of cold (15)]
 16800 | IceCv    | Killed from afar by an ice dragon

Skill      XL: |  1  2  3  4  5  6  7  8  9 10 11 12 13 |
---------------+----------------------------------------+-----
Fighting       | 4 5 6 8 9 10 12 | 12.1
Axes           | 5 6 7 8 |  8.7
Armour         | 3 4 5 6 7 9 10 11 | 11.2
Dodging        | 2 3 4 5 6 7 8 |  8.4
Polearms       | 3 6 7 |  7.3
Staves         | 3 6 8 9 |  9.0
Stealth        | |  0.1

Action                   |  1- 3 |  4- 6 |  7- 9 | 10-12 | 13-15 || total
-------------------------+-------+-------+-------+-------+-------++-------
Melee: Hand axe          |   111 |    78 |   123 |       |       ||   312
       Spear             |       |       |   251 |   156 |       ||   407
       Quarterstaff      |       |       |       |   471 |    40 ||   511
Invok: Berserk           |     1 |     3 |    11 |    14 |     1 ||    30
       Burn Spellbooks   |       |       |     1 |     2 |       ||     3
       Trog's Hand       |       |       |     1 |     1 |       ||     2
       Brothers in Arms  |       |       |       |     1 |     1 ||     2
  Use: Scroll            |       |       |       |     9 |       ||     9
       Potion            |       |       |       |     1 |     5 ||     6
 Stab: Sleeping          |       |       |     1 |       |       ||     1
  Eat: Chunk             |     2 |     7 |    12 |    12 |       ||    33
       Ration            |       |       |     5 |    10 |       ||    15
Armor: Animal skin       |     6 |       |       |       |       ||     6
       Ring mail         |    19 |    11 |       |       |       ||    30
       Troll leather arm |       |     1 |    75 |    34 |       ||   110
       Plate armour      |       |       |       |   318 |    43 ||   361
Dodge: Dodged            |    64 |    38 |   178 |   350 |    32 ||   662
